 Dungeon Crawl Stone Soup version 0.31-a0-188-g5e087ee2ca (webtiles) character file.

Game seed: 16960897407512434906

140 qw the Skirmisher (level 5, -1/29 HPs)
             Began as a Deep Elf Hunter on June 22, 2023.
             Slain by Ijyb
             ... wielding a +0 club
              (4 damage)
             ... on level 3 of the Dungeon.
             The game lasted 00:00:50 (2631 turns).

qw the Skirmisher (Deep Elf Hunter)                 Turns: 2631, Time: 00:00:51

Health: -1/29      AC:  4    Str: 10    XL:     5   Next: 2%
Magic:  7/7        EV: 12    Int: 14    God:
Gold:   57         SH:  0    Dex: 18    Spells: 4/4 levels left

rFire   . . .        Y - +0 shortbow (freeze)
rCold   . . .        (shield currently unavailable)
rNeg    . . .        f - +0 leather armour {rPois}
rPois   +            (no helmet)
rElec   .            (no cloak)
rCorr   .            g - +0 pair of gloves
SInv    .            (no boots)
Will    .....        (no amulet)
Stlth   ++           (no ring)
HPRegen 0.24/turn    (no ring)
MPRegen 0.10/turn

%: no passive effects
@: about to teleport
A: no striking features
a: no special abilities


You were on level 3 of the Dungeon.
You visited 1 branch of the dungeon, and saw 3 of its levels.

You collected 57 gold pieces.


   Skills:
 - Level 1.5 Fighting
 + Level 8.4 Ranged Weapons
 - Level 2.4 Dodging
 - Level 1.2 Stealth


You had 4 spell levels left.
You didn't know any spells.
Your spell library was empty.

Inventory:

Hand Weapons
 Y - a +0 shortbow of freezing (weapon)
Armour
 b - a +0 ring mail
 f - a +0 leather armour of poison resistance (worn)
 g - a +0 pair of gloves (worn)
Jewellery
 e - a ring of ice
 k - a ring of resist corrosion
Scrolls
 a - a scroll of identify
 i - a scroll of enchant armour {unknown}
Potions
 d - a potion of enlightenment
 h - a potion of attraction {unknown}
 j - 2 potions of might {unknown}

Dungeon Overview and Level Annotations

Branches:
Dungeon (3/15)

Altars:
Ru

Shops:
D:1 :

Annotations:
D:2 1 runed translucent door, Crazy Yiuf
D:3 Ijyb, Sigmund


Message History

Enter note:
Enter note:
Enter note:
Enter note:
Enter note: Ijyb the Twisted Goblin comes into view.
She is wielding a +0 club and carrying a wand of mindburst (9).
Ijyb shouts!
Enter note:
Enter note:
Enter note:
Enter note:
Enter note:
Enter note:
Enter note:
Enter note:
Enter note:
Enter note:
Enter note:
Enter note: You shoot an arrow.
The arrow hits Ijyb.
The arrow freezes Ijyb.
Ijyb is lightly wounded.
You shoot an arrow. The arrow closely misses Ijyb.
Ijyb closely misses you.
You shoot an arrow. The arrow barely misses Ijyb.
Ijyb hits you with a +0 club.
You shoot an arrow. The arrow misses Ijyb.
Ijyb hits you with a +0 club.
You shoot an arrow. The arrow hits Ijyb!
The arrow freezes Ijyb.
Ijyb is severely wounded.
Ijyb zaps a wand.
Your mind is blasted!
Ouch! That really hurt!
2629 ||| READING scroll of teleportation.
As you read the scroll of teleportation, it crumbles to dust.
You feel strangely unstable. Ijyb hits you with a +0 club.
You shoot an arrow. The arrow closely misses Ijyb.
Ijyb hits you with a +0 club.
You shoot an arrow. The arrow completely misses Ijyb.
Ijyb hits you with a +0 club.
You die...

..##############.######..##......
......................#.........#
..##############.####.#..).......
#.......# #.# #.....#.###
#.#####.# #.# #.#...#.... #.# #.#
#.#.#.##### #.# #.# #.#.#.# #.#
#.# #.#.#.##### #.# #@#
#...#...... #.# #g# ###########
#.# #.. ....... #.# .... #######
..# ##### ###


You could see Ijyb.

Vanquished Creatures
  A hound (D:2)
  5 adders
  2 dart slugs (D:1)
  3 orcs (D:3)
  3 ball pythons
  2 endoplasms
  7 giant cockroaches
  6 goblins
  5 hobgoblins
  2 jackals (D:2)
  2 quokkas
  5 bats
  4 frilled lizards
  5 kobolds
  4 rats
56 creatures vanquished.

Notes
Turn   | Place    | Note
-------+----------+-------------------------------------------
     0 | D:1      | qw the Deep Elf Hunter began the quest for the Orb.
     0 | D:1      | Reached XP level 1. HP: 12/12 MP: 3/3
     0 | D:1      | 0 ||| qw: Version: 0.3-a-9-g12657ce
     0 | D:1      | 0 ||| qw: Game counter: 2833
     0 | D:1      | 0 ||| qw: Always use a shield: true
     0 | D:1      | 0 ||| qw: God list: Okawaru
     0 | D:1      | 0 ||| qw: Allow faded altars: false
     0 | D:1      | 0 ||| qw: Do Orc after D:15 true
     0 | D:1      | 0 ||| qw: Do second Lair branch before Depths: true
     0 | D:1      | 0 ||| qw: Lair rune preference: random
     0 | D:1      | 0 ||| qw: Plans: Normal
     0 | D:1      | 0 ||| PLANNING D:1-11
   106 | D:1      | Reached skill level 6 in Ranged Weapons
   106 | D:1      | Reached XP level 2. HP: 16/16 MP: 4/4
   320 | D:1      | Found Feavur's Book Shop.
   481 | D:1      | Reached XP level 3. HP: 20/20 MP: 5/5
   611 | D:1      | 611 ||| UPGRADING to +0 leather armour of poison
                  | resistance.
   621 | D:1      | 621 ||| DROPPING +0 leather armour.
   622 | D:1      | 622 ||| UPGRADING to +0 pair of gloves.
   627 | D:1      | 627 ||| READING scroll labelled LESIMA JANESE.
   628 | D:1      | 628 ||| READING scroll labelled QIOXAC SENLO.
   629 | D:1      | 629 ||| READING scroll labelled IHIW GAGHEVOJ.
   630 | D:1      | 630 ||| READING scroll labelled EGEOGRIFUO.
   631 | D:1      | 631 ||| READING scroll labelled LOPHUPS MIAT.
   632 | D:1      | 632 ||| READING scroll labelled LIORRI CECH.
   633 | D:1      | 633 ||| DROPPING scroll of butterflies.
   908 | D:2      | Found a faded altar of an unknown god.
  1026 | D:2      | Reached skill level 7 in Ranged Weapons
  1217 | D:2      | Reached XP level 4. HP: 25/25 MP: 6/6
  1226 | D:2      | Found a runed translucent door.
  1227 | D:2      | Noticed Crazy Yiuf
  1457 | D:2      | 1457 ||| DROPPING ring of flight.
  1458 | D:2      | 1458 ||| READING 2 scrolls labelled SUEDDONAFO.
  1555 | D:3      | 1555 ||| STAIRDANCE
  1563 | D:2      | Reached skill level 8 in Ranged Weapons
  1777 | D:3      | Found a sacrificial altar of Ru.
  1814 | D:3      | 1814 ||| DROPPING +1 sling of flaming.
  1947 | D:3      | Noticed Sigmund
  1948 | D:3      | 1948 ||| FLEEEEING.
  1953 | D:3      | 1953 ||| STAIRDANCE
  2024 | D:2      | 2024 ||| READING 2 scrolls of identify.
  2024 | D:2      | 2024 ||| IDENTIFYING sedimented green potion
  2163 | D:3      | 2163 ||| FLEEEEING.
  2165 | D:3      | 2165 ||| FLEEEEING.
  2243 | D:3      | Reached XP level 5. HP: 29/29 MP: 7/7
  2623 | D:3      | Noticed Ijyb
  2628 | D:3      | HP: 6/29 [disintegration (16)]
  2629 | D:3      | 2629 ||| READING scroll of teleportation.
  2631 | D:3      | Slain by Ijyb

Levels and vault maps discovered:
D:1:      nzn_arrival_crosshair, layout_loops_ring, serial_shops, shop,
          patterned_corridor
D:2:      layout_loops_cross, chequers_ecumenical_altar_simple_redux,
          nicolae_titane, uniq_crazy_yiuf_cottage
D:3:      layout_basic, nicolae_ru_path_of_blood, serial_corexii_hall,
          chequers_hall_statues_wall_a, chequers_hall_statues_corner_a,
          corexii_hall_statues_x, corexii_hall_statues_u, uniq_sigmund,
          uniq_ijyb

Skill      XL: |  1  2  3  4 |
---------------+-------------+-----
Ranged Weapons | 6 7 8 |  8.4
Fighting       | |  1.5
Dodging        | |  2.4
Stealth        | |  1.2

Action                     |  1- 3 |  4- 6 || total
---------------------------+-------+-------++-------
   Fire: Shortbow          |   102 |    64 ||   166
    Use: Scroll            |     6 |     3 ||     9
 Armour: Leather armour    |     4 |     3 ||     7
  Dodge: Dodged            |    25 |    17 ||    42

Table legend:
 A = Non-vault XP
 B = Vault XP
 C = Vault XP percentage of total XP
 D = Non-vault monster count
 E = Vault monster count
 F = Vault count percentage of total count
                 A         B        C        D         E       F
            +---------+---------+-------+---------+---------+-------
      Total |     200 |       0 |   0.0 |      56 |       0 |   0.0
            +---------+---------+-------+---------+---------+-------
        D:1 |      41 |       0 |   0.0 |      21 |       0 |   0.0
        D:2 |     110 |       0 |   0.0 |      22 |       0 |   0.0
        D:3 |      49 |       0 |   0.0 |      13 |       0 |   0.0
            +---------+---------+-------+---------+---------+-------
